[Event "44th Chess Olympiad Open 2022"]
[Site "Chennai"]
[Date "2022.08.02"]
[Round "5.17"]
[White "Vazquez Facundo"]
[Black "Brunello, Sabino"]
[Result "0-1"]
[WhiteElo "2336"]
[BlackElo "2520"]
[Annotator "RC"]
[PlyCount "88"]
[EventDate "2022.??.??"]
[TimeControl "60"]

1. d4 Nf6 2. c4 e6 3. Nc3 Bb4 4. e3 O-O 5. Bd3 d5 6. Nf3 c5 7. cxd5 cxd4 8.
exd4 Nxd5 9. O-O Nc6 10. Qc2 h6 11. Rd1 Nce7 12. Ne5 Bd7 13.
Bd2 Bd6 14. Ne4 Bc6 15. Nxd6 Qxd6 16. Qc5 Rfd8 17. b4 Ba4 18. Rdc1 a6 19. Qxd6 Rxd6 20. Be4 Rdd8 21. Nd3 Bc6 22. Nc5 b6 23. Nd3 Rac8 24. a4 Nc3 25. Bxc3 Bxe4 26. Nf4 g5 27. Ne2 Bd3 28. Ng3 Kh7 29. h4 gxh4 30. Nh5 Nd5 31. Bd2 Rxc1+ 32. Rxc1 Kg6 33. g4 Be2 34. Rb1 Bxg4 35. Nf4+ Nxf4 36. Bxf4 Rxd4 37. Be3 Rd6 38. b5 a5 39. Rc1 Bf3 40. Kh2 e5 41. Kh3 f5 42. Rg1+ Kf7 43. Kxh4 f4 44. Bc1 Rd1 0-1

[Event "44th Chess Olympiad Open 2022"]
[Site "Chennai"]
[Date "2022.08.02"]
[Round "5.18"]
[White "Kuybokarov, Temur"]
[Black "Docx, Stefan"]
[Result "1/2-1/2"]
[WhiteElo "2583"]
[BlackElo "2434"]
[Annotator "TA"]
[PlyCount "106"]
[EventDate "2022.??.??"]
[TimeControl "60"]

1. e4 c5 2. Nf3 d6 3. d4 cxd4 4. Nxd4 Nf6 5. Nc3 a6 6. Bg5 e6 7. f4 Be7 8. Qf3 Qc7 9. O-O-O Nbd7 10.
g4 h6 11. Bh4 b5 {[%emt 0:
00:00] B99: Sicilian Najdorf: 6 Bg5 e6 7 f4 Be7 8 Qf3 Qc7 9 0-0-0 Nbd7.} (11...
Nxe4 12. Bxe7 Nxc3 13. Nxe6 Nxa2+ 14. Kb1 Nc3+ 15. bxc3 $16 (15. Qxc3 Qxc3 16.
bxc3 Kxe7 $15)) 12. a3 Rb8 (12... Bb7 {
is more appropriate.}) 13. Be1 $11 g5 {[%emt 0:18:16] [#]} (
13... g6 $11) 14. h4 $146 {[%emt 0:25:12] White is more active.} (14. Qh3 $16)
({Predecessor:} 14. Qh3 Rg8 15. f5 e5 16. Nb3 Bb7 17. Bd3 h5 18. gxh5 g4 19.
Qf1 d5 20. exd5 Nxd5 21. Nxd5 Bxd5 {½-½ (48) Lebedev,V (2467)-Habermehl,T 
(2479) ICCF email 2013}) 14... gxf4 $15 15. Bh3 ({Don't go for} 15. Qxf4 $2 b4 16. axb4 e5 $19) 15... Ne5 16. Qxf4 {[%emt 0:00:21] [#]} Nfd7 ({Better is} 16... Nexg4 $1
$15 17. Bxg4 e5 18. Qxf6 Bxf6) 17. Kb1 Ng6 (17... Nc4 $5 ) 18. Qf1 Qc4 (18... Nb6 $11) 19. Qxc4 $14 bxc4 20. Nc6 Rb6 21. Nxe7 Kxe7 22. Bf2 Rc6 23. Bg3 Nge5 24. Bf4 Ng6 25. Bg3 Nge5 26. Rh2 f6 27. g5 (27.
Rhd2 $14 {stays ahead.}) 27... hxg5 $17 28. hxg5 fxg5 29. Bxe6 Rxh2 30. Bxd7 {[%emt 0:00:07] A strong pair of Bishops.}
Rg2 $1 31. Bxc6 Rxg3 32.
Nd5+ Kf7 33. Nb6 Be6 34. Bd5 (34. Rxd6 $2 Rg1+ 35. Ka2
Ke7 36. Rxe6+ Kxe6 37. Bd5+ Ke7 38. Nxc4 Nxc4 39. Bxc4 g4 $19) 34... Bxd5 35. exd5 {[%emt 0:01:11] Endgame KRN-KRN} Rf3 36. Rd4 Rf1+ ({Black should play} 36... c3 $1
$17 {And now ...g4 would win.} 37. Nc8 Rf1+ 38. Ka2 Rf6) 37. Ka2 $15 Rf4 ({Black should try} 37... c3 $1 $15) 38. Rxf4+ $1
$11 {[%emt 0:01:23] The position is equal.} gxf4 {[%emt 0:00:03] KN-KN} 39. Nc8 f3 40. Nxd6+ Kf6 41. Kb1 Kg6 {[%emt 0:00:00] ( -> ...f2)} 42. Ne4 Kf5 43. Nf2 Kf4 44. Kc1 Ke3 45. Nd1+ Ke2 46. d6 a5 47. a4 Ke1 48. b4 (48. Ne3 f2 49. d7
Nxd7 $19) 48... cxb3 $1 {[%emt 0:00:08] Overworked Piece} (48... axb4 $2 49. a5
b3 50. a6 b2+ 51. Kxb2 (51. Nxb2 $2 f2 $19) 51... Kxd1 52. a7 $18) (48... f2 $2
{[#]} 49. Nxf2 $1 axb4 50. Ng4 $1 $18) 49. cxb3 Nd3+ 50. Kc2 Nb4+ 51. Kc1 {[%emt 0:00:04]
d7 is the strong threat.} Nd3+ 52. Kc2 Nb4+ 53. Kc1 {[%emt 0:00:04] Black must now prevent d7.} Nd3+ {
[%emt 0:00:15] Weighted Error Value: White=0.17 (very precise) /Black=0.17 
(very precise)} 1/2-1/2

[Event "44th Chess Olympiad Open 2022"]
[Site "Chennai"]
[Date "2022.08.02"]
[Round "5.18"]
[White "Dardha, Daniel"]
[Black "Smirnov, Anton"]
[Result "1/2-1/2"]
[WhiteElo "2575"]
[BlackElo "2600"]
[Annotator "TA"]
[PlyCount "103"]
[EventDate "2022.??.??"]
[TimeControl "60"]

1. d4 d5 2. c4 e6 3. Nf3 Nf6 4. Nc3 a6 5. cxd5 exd5 6.
Bg5 {[%emt 0:00:40] D37: Queen's Gambit Declined: 5 Bf4.} Be6 7. Bxf6 Qxf6 8. Qb3 {[%emt 0:00:08][%csl Yb7,
Yd5] The position is equal.} Ra7 9. a3 (9.
Nxd5 Qd8 10. e4 c6) 9... Qd8 10. e3 c6 11. Qc2 Nd7 12. Bd3 {[%emt 0:
00:00] [#]} Bd6 $146 ({Predecessor:} 12... g6 13. h4 Nf6 14.
Ng5 Qd6 15. Ne2 Bg7 16. Ng3 Bg4 17. Nf3 O-O 18. h5 Raa8 19. hxg6 hxg6 {½-½ 
(125) Hakobyan,A (2559)-Jacobson,B (2486) Saint Louis 2019}) 13. O-O g6 14. h3 O-O 15. e4 dxe4 16. Nxe4 Bf4 17. Rfe1 Nf6 18. Nc5 {[%emt 0:04:19]
Pair of Knights!} Bc8 (18... Bd5 $5 ) 19. Rad1 b6 20. Na4 Qc7 (20... b5 $11 21. Nc5 Rc7) 21. Ne5 $14 Bd7 22. g3 Bh6 23. Bf1 c5 {
[%emt 0:05:31] [#]} (23... Nd5 $14) 24. d5 $1 $16 {[%emt 0:04:19][%cal Yd4d5,
Yd5d6] White is more active.} Bf5 {[%emt 0:02:31] [#]} 25. Qe2 b5 26. d6 Qc8 27. Nc3 Bxh3 (27... b4 $142) 28. Qf3 Bxf1 (28... Bg7 {was worth a try.} 29. Nd5 Nxd5 30. Bxh3 Qxh3
31. Qxd5 Bxe5 32. Rxe5 Rd7 33. Qxc5 f6) 29. Qxf6 $18 Bg7 30. Qf4 Bh3 31. Nd5 {[%emt 0:
00:33] Ne7+ is the strong threat.} Re8 32. d7 Rxd7 33. Nxd7 {[%emt 0:00:14] Really sharp!} Qxd7 34. Rxe8+ Qxe8 35. Qh4 Bd7 36. Nf6+ Bxf6 37. Qxf6 {
[%emt 0:00:04] Endgame KQR-KQB} h5 38. Kh2 ({
Inferior is} 38. Qxa6 Bc6 39. Rf1 Qe4 40. Qc8+ (40. f3 Qe3+ 41. Rf2 Qe1+ 42.
Kg2 Bd7 $15) 40... Kh7 $15) 38... Qe6 39. Qxe6 Bxe6 {[%emt 0:00:01] KR-KB} 40. Rd8+ Kg7 41. Ra8 Kf6 42. Rxa6 {[%emt 0:00:00]
Strongly threatening Rb6.} Ke5 43. Rb6 Bc4 44. b3 (44. Kg2 $16) 44... Bd3 45. a4 bxa4 46. bxa4 c4 47. Rc6 {[%emt 0:00:00] Black must now prevent a5.} Kd5 48. Rc7 {[%emt 0:00:00] Threatens to win with a5.} Kd6 49. Rc8 Kd7 $1 50. Rc5 {
[%emt 0:01:33] Hoping for Kg2.} Kd6 51. Rc8 Kd7 $1 52. Rc5 {[%emt 0:01:48] Blacks defense is rewarded
with a draw. Weighted Error Value: White=0.09 (flawless) /Black=0.14 (very
precise)} 1/2-1/2

[Event "44th Chess Olympiad Open 2022"]
[Site "Chennai"]
[Date "2022.08.02"]
[Round "5.18"]
[White "Zhao, Zong-Yuan"]
[Black "Lenaerts, Lennert"]
[Result "1-0"]
[WhiteElo "2513"]
[BlackElo "2379"]
[Annotator "RC"]
[PlyCount "95"]
[EventDate "2022.??.??"]
[TimeControl "60"]

1. d4 d5 2. c4 c6 3. Nf3 Nf6 4. e3 Bf5 5. Nc3 e6 6. Nh4 Be4 7. f3 Bg6 8. Qb3 Qc7 9. cxd5 cxd5 10. Bd2 Nc6 11. O-O-O Be7 12. Nxg6 hxg6 13. Kb1 a6 14. Rc1 Nd7 15. Bd3 Na5 16. Qc2 Nc4 17. e4 dxe4 18. Bxc4 Qxc4 19. Nxe4 Qxc2+ 20. Rxc2 Nb6 21. Nc5 Bxc5 22. dxc5 Nd5 23. c6 bxc6 24. Rxc6 Kd7 25. Rc4 Rac8 26. Rxc8 Rxc8 27. Rc1 Rxc1+ 28.
Kxc1 e5 29. Kc2 f5 30. Kd3 Kc6 31. a3 Kc5 32. h4 Nc7 33. b4+ Kd5 34. a4 Ne6 35. Be3 Nd8 36. Kc3 Nf7 37. b5 axb5 38. axb5 Nd6 39. Kb4 e4 40. fxe4+ fxe4 41. g4 Nb7 42. b6 Kc6 43. Kc4 Nd8 44. Bc5 Ne6 45. Bd4 Nxd4 46. Kxd4 Kxb6 47. Kxe4 Kc6 48. Kf4 1-0

[Event "44th Chess Olympiad Open 2022"]
[Site "Chennai"]
[Date "2022.08.02"]
[Round "5.18"]
[White "Maerevoet, Sim"]
[Black "Tan, Justin"]
[Result "1-0"]
[WhiteElo "2409"]
[BlackElo "2508"]
[Annotator "RC"]
[PlyCount "54"]
[EventDate "2022.??.??"]
[TimeControl "60"]

1. e4 e5 2. Nf3 Nf6 3. Nxe5 d6 4. Nd3 Nxe4 5. Qe2 Qe7 6.
Nf4 c6 7. f3 Nc5 8. d4 Qxe2+ 9. Bxe2 Ne6 10. d5 Nxf4 11. Bxf4 Bf5 12. Na3 c5 13. Nc4 Kd7 14. b4 Na6 15. Ne3 Nxb4 16. Rb1 g5 17. Bxg5 Rg8 18. h4 h6 19. Nxf5 hxg5 20. hxg5 Rxg5 21. g4 Re8 22. Rh7 Nxd5 23. Rxf7+ Kc6 24. Kd2 Rxe2+ 25. Kxe2 Nc3+ 26. Ke3 Nxb1 27. Rxf8 Nc3 1-0

[Event "44th Chess Olympiad Open 2022"]
[Site "Chennai"]
[Date "2022.08.02"]
[Round "5.19"]
[White "Tristan, Leonardo"]
[Black "Valderrama Quiceno, Esteban Alb"]
[Result "1/2-1/2"]
[WhiteElo "2558"]
[BlackElo "2436"]
[Annotator "RC"]
[PlyCount "84"]
[EventDate "2022.??.??"]
[TimeControl "60"]

1. d4 Nf6 2. c4 e6 3. Nc3 Bb4 4. e3 O-O 5. Bd2 c5 6. a3 Bxc3 7. Bxc3 cxd4 8.
Qxd4 d5 9. cxd5 Qxd5 10. Qh4 Nbd7 11. Rd1 Qe4 12. Qg3 Qg6 13. Bd3 Qxg3 14. hxg3 h6 15. Nf3 b6 16. Bb5 a6 17. Bxd7 Nxd7 18. Rd6 Re8 19. Rh4 b5 20. a4 bxa4 21. Rxa4 f6 22. Rc4 Nf8 23. Rcc6 e5 24. Nd2 Re6 25. Nc4 Rxd6 26. Nxd6 Be6 27. e4 a5 28. Nb7 a4 29. Nc5 Bf7 30. Bb4 Be8 31. Rc7 h5 32. Ba3 Bf7 33.
Re7 Ng6 34. Rb7 h4 35. gxh4 Nxh4 36. Kf1 Rd8 37. Rd7 Bc4+ 38. Kg1 Rxd7 39. Nxd7 Bb5 40. Nc5 Ng6 41. g3 Nf8 42. f3 Nd7 1/2-1/2

[Event "44th Chess Olympiad Open 2022"]
[Site "Chennai"]
[Date "2022.08.02"]
[Round "5.19"]
[White "Perez Ponsa, Federico"]
[Black "Cardoso Cardoso, Jose Gabriel"]
[Result "1/2-1/2"]
[WhiteElo "2554"]
[BlackElo "2493"]
[Annotator "TA"]
[PlyCount "101"]
[EventDate "2022.??.??"]
[TimeControl "60"]

1. e4 c5 2. Nf3 d6 3. Bb5+ Nd7 4. c4 Ngf6 5. Nc3 a6 6. Ba4 {
[%emt 0:00:13] B51: Sicilian: Moscow Variation (3 Bb5+) without 3...Bd7.} e6 7. O-O Be7 8. d4 cxd4 9. Nxd4 O-O 10.
Kh1 Qc7 11. Qe2 Ne5 12. Bb3 Nc6 13. Nxc6 Qxc6 {[%emt 0:00:08] [#]} 14. f4 $146 ({
Predecessor:} 14. Bg5 h6 15. Bh4 Qc7 16. Rad1 Re8 17. Bc2 e5 18. Ba4 Rf8 19.
Bxf6 Bxf6 20. Nd5 {½-½ (40) Iljiushenok,I (2519)-Mendonca,L (2418) Moscow
2020}) 14... b5 15. e5 dxe5 16. fxe5 Nd7 17. Bf4 Nc5 18. Bc2 {[%emt 0:10:00] aiming for b4.} (
18. Qg4 $5 ) 18... bxc4 $1 ({Much less strong is
} 18... Bb7 19. cxb5 axb5 20. Nxb5 $16) 19. Qg4 ({Don't play} 
19. Qh5 Nd3 20. Bxd3 cxd3 $19) (19. Nb1 $1 $15) 19... Bb7 $1 $17 20. Rf3 (20. Rae1 $17) 20... f5 $19 21.
exf6 Bxf6 22. Raf1 {[%emt 0:05:
46] Strongly threatening Be3.} Nd3 $1 {[%emt 0:02:13] And now ... Qd7 would
win.} 23. Bg3 Bxc3 24. bxc3 Qe4 ({Black should try} 24... Rf5 25. Bd1 Raf8) 25. Rxf8+ Rxf8 26. Rxf8+ Kxf8 27. Qxe4 Bxe4
$17 {[%emt 0:00:03] Endgame KBB-KBN} 28. Bd6+ Kf7 29. Kg1 Bd5 30. Kf1 {[%emt 0:02:22]
Prevents Ne1.} e5 31. g3 Bf3 {[%emt 0:00:34] Inhibits Bd1.} 32. Bxd3 cxd3 $15 {[%emt 0:
00:06] KB-KB} 33. Ke1 Ke6 34. Bf8 g6 35. Kd2 e4 36. c4
{[%emt 0:01:27] [#]} Kf5 $1 37. Bd6 Kg4 38. h4 Kf5 39. Ke3 {[%emt 0:
00:22] [#]} (39. Bf4 $11 {keeps the balance.}) 39... Bd1 $1 $17 40. Bc7 Ba4 41. Bd6 Bc6 42. Bc7 Bd7 43. a3 (43. Ba5 $142) 43... Be6 44. a4 Bxc4 45. a5 Kg4 46. Bd6 Bd5 47. Bf4 Bc6 48.
Kf2 Kh3 49. Bd2 Bb7 50. Be3 Bc6 51. Bd2 {[%emt 0:
00:03] Weighted Error Value: White=0.14 (very precise) /Black=0.09 (flawless)}
1/2-1/2

[Event "44th Chess Olympiad Open 2022"]
[Site "Chennai"]
[Date "2022.08.02"]
[Round "5.19"]
[White "Sanchez, Sebastian Felipe"]
[Black "Krysa, Leandro"]
[Result "1/2-1/2"]
[WhiteElo "2440"]
[BlackElo "2515"]
[Annotator "RC"]
[PlyCount "72"]
[EventDate "2022.??.??"]
[TimeControl "60"]

1. c4 e5 2. Nc3 Bb4 3. Nd5 a5 4. a3 Bc5 5. e3 d6 6. d4 Ba7 7. Nf3 Nd7 8. b4 c6 9. Nc3 Ngf6 10. Bb2 O-O 11. Be2 Bb8 12. O-O e4 13.
Nd2 d5 14. b5 Re8 15. a4 Nf8 16. Ba3 Qc7 17. g3 Bh3 18. Re1 Qc8 19. Qc2 Qf5 20. Bxf8 Rxf8 21. bxc6 bxc6 22. f3 Qg6 23. Kf2 Re8 24. fxe4 dxe4 25. Rab1 h5 26. Rg1 h4 27. Nf1 c5 28. dxc5 Qf5+ 29. Ke1 hxg3 30. Nxg3 Qxc5 31. Ngxe4 Qe7 32. Bf3 Ra6 33. Rb7 Qa3 34. Rb3 Qe7 35. Rb7 Qa3 36. Rb3 Qe7 1/2-1/2

[Event "44th Chess Olympiad Open 2022"]
[Site "Chennai"]
[Date "2022.08.02"]
[Round "5.19"]
[White "Arenas, David"]
[Black "Flores, Diego"]
[Result "1/2-1/2"]
[WhiteElo "2426"]
[BlackElo "2528"]
[Annotator "RC"]
[PlyCount "98"]
[EventDate "2022.??.??"]
[TimeControl "60"]

1. e4 e5 2. Nf3 Nc6 3. Bc4 Bc5 4. O-O Nf6 5. d3 d6 6. c3 h6 7. a4 a6 8. Re1 Ba7 9. Nbd2 O-O 10. h3 Be6 11. Bxe6 fxe6 12. Nf1 Nh5 13.
Be3 Nf4 14. Bxa7 Rxa7 15. Kh2 Qf6 16. d4 exd4 17. cxd4 e5 18.
d5 Nb4 19. a5 Kh8 20. Re3 c6 21. Ra4 c5 22. Raa3 Raa8 23. N1d2 Rf7 24. Ne1 Raf8 25. g3 g5 26. Rf3 Qg6 27. gxf4 gxf4 28. Qe2 Rg8 29. Qf1 Rfg7 30. Rfc3 Qh5 31. Ndf3 Qg6 32. Qc4 Qh5 33. Qf1 Qg6 34. Qc4 Qh5 35. Ra1 Qg6 36. Ra4 Qe8 37. Rxb4 cxb4 38. Qxb4 Qg6 39. Qc4 Qe8 40. Qb4 Qg6 41. Qa4 Qf7 42. Qc2 Qd7 43. Qe2 Qe7 44. Qc2 Qd7 45. Qb3 Rg6 46. Qc4 Qg7 47. Qf1 Qe7 48. Qc4 Qg7 49. Qf1 Qe7 1/2-1/2

[Event "44th Chess Olympiad Open 2022"]
[Site "Chennai"]
[Date "2022.08.02"]
[Round "5.20"]
[White "Berg, Emanuel"]
[Black "Bersamina, Paulo"]
[Result "1/2-1/2"]
[WhiteElo "2533"]
[BlackElo "2429"]
[Annotator "RC"]
[PlyCount "68"]
[EventDate "2022.??.??"]
[TimeControl "60"]

1. e4 e5 2. Nf3 Nc6 3. d4 exd4 4. Nxd4 Nf6 5. Nc3 Nxe4 6.
Nxc6 Nxc3 7. Nxd8 Nxd1 8. Nxf7 Kxf7 9. Bc4+ Kf6 10. Kxd1 c6 11. Be3 d5 12. Bd3 Bd6 13. h4 h5 14. Kd2 Kf7 15. Rae1 Bd7 16.
c3 a6 17. Kc2 Rhe8 18. Bg5 g6 19. Kd2 Rxe1 20. Rxe1 Re8 21. Rxe8 Bxe8 22. b4 Bd7 23. Be3 Be7 24. g3 Bd8 25. Bd4 a5 26. a3 axb4 27. axb4 Bc7 28. Ke3 Bf5 29. Be2 Ke6 30. Bd1 Bd6 31. Bc5 Be5 32. Bd4 Bd6 33.
Bc5 Be5 34. Bd4 Bd6 1/2-1/2

[Event "44th Chess Olympiad Open 2022"]
[Site "Chennai"]
[Date "2022.08.02"]
[Round "5.20"]
[White "Hillarp Persson, Tiger"]
[Black "Gomez, John Paul"]
[Result "1/2-1/2"]
[WhiteElo "2516"]
[BlackElo "2451"]
[Annotator "RC"]
[PlyCount "64"]
[EventDate "2022.??.??"]
[TimeControl "60"]

1. d4 d5 2. c4 c6 3. Nf3 Nf6 4. e3 Bf5 5. Nc3 e6 6. Nh4 Bg6 7. Nxg6 hxg6 8.
Qb3 Qc7 9. g3 Nbd7 10. Bg2 Be7 11. O-O O-O 12. e4 Nxe4 13. Nxe4 dxe4 14. Bxe4 b6 15. Bg2 Rad8 16. Bf4 e5 17. Bxe5 Nxe5 18. dxe5 Qxe5 19. Qc2 Qf6 20. a3 a5 21. Rab1 Rd4 22. b4 axb4 23. axb4 Rfd8 24. Qc3 Qd6 25. c5 bxc5 26. bxc5 Qxc5 27. Qxc5 Bxc5 28. Bxc6 Rd2 29. Ba4 Ra8 30. Bb3 g5 31. h3 g6 32. Kg2 Kg7 1/2-1/2

[Event "44th Chess Olympiad Open 2022"]
[Site "Chennai"]
[Date "2022.08.02"]
[Round "5.20"]
[White "Paragua, Mark"]
[Black "Blomqvist, Erik"]
[Result "1-0"]
[WhiteElo "2461"]
[BlackElo "2521"]
[Annotator "RC"]
[PlyCount "137"]
[EventDate "2022.??.??"]
[TimeControl "60"]

1. e4 c5 2. c3 d5 3. exd5 Qxd5 4. d4 Nf6 5. Nf3 e6 6. Na3 a6 7. Nc4 Nbd7 8. Ne3 Qc6 9. Be2 Be7 10. O-O O-O 11. a4 b6 12. Ne5 Qc7 13.
Bf3 Bb7 14. Nxd7 Qxd7 15. Nc4 Qc7 16. Bf4 Qxf4 17. Bxb7 Ra7 18. g3 Qc7 19. Bg2 cxd4 20. Qxd4 Bc5 21. Qd3 Rc8 22. Nd2 h5 23. Nb3 Bf8 24. Rad1 Qc4 25. Qxc4 Rxc4 26. a5 b5 27. Rd8 b4 28. Nd2 Rcc7 29. cxb4 Rd7 30. Rxd7 Nxd7 31. Rc1 Bxb4 32. Rc8+ Kh7 33. Nc4 g6 34. Bc6 Nf6 35. b3 Nd5 36. Rb8 Bc3 37. Kf1 Kg7 38. Ke2 Kf6 39. Kd3 Be1 40. Ke2 Bc3 41. f4 h4 42. Kf3 hxg3 43.
hxg3 g5 44. Bxd5 exd5 45. Ne3 Bxa5 46. b4 Bc7 47. Nxd5+ Kg7 48. Rc8 Bd6 49. Rc6 Bf8 50. f5 a5 51. f6+ Kh7 52. b5 a4 53. b6 Rd7 54. Ke4 Bd6 55. Rc4 a3 56. Ra4 Bxg3 57. Rxa3 Bf2 58. Rb3 Rd8 59. b7 Ba7 60. Ne7 g4 61. Nc6 Re8+ 62. Kf5 Bb8 63. Nxb8 Rxb8 64. Kxg4 Kg6 65. Rb6 Kh7 66. Kg5 Rg8+ 67. Kf5 Rb8 68. Ke5 Kg6 69. Ke4 1-0

[Event "44th Chess Olympiad Open 2022"]
[Site "Chennai"]
[Date "2022.08.02"]
[Round "5.20"]
[White "Laylo, Darwin"]
[Black "Westerberg, Jonathan"]
[Result "1/2-1/2"]
[WhiteElo "2432"]
[BlackElo "2476"]
[Annotator "RC"]
[PlyCount "70"]
[EventDate "2022.??.??"]
[TimeControl "60"]

1. d4 d5 2. c4 dxc4 3. e3 e5 4. Bxc4 exd4 5. exd4 Bd6 6. Nf3 Nf6 7. Qe2+ Qe7 8. Qxe7+ Bxe7 9. Nc3 a6 10. O-O O-O 11. Re1 Bd6 12. Bg5 Nbd7 13. Ne5 Nb6 14. Bb3 Be6 15. Bxe6 fxe6 16. Nd3 Kf7 17. Bxf6 gxf6 18. Ne4 Rfe8 19. Nec5 Rab8 20. Re4 Bxc5 21. Nxc5 Nc4 22. Rc1 Nd6 23. Rh4 Rh8 24. Ne4 Ne8 25. Nc5 a5 26. Re4 Nd6 27. Ree1 Rhe8 28. Nb3 c6 29. Nxa5 Ra8 30. b4 Ra7 31. Re3 b6 32. Rh3 Kg6 33.
Rg3+ Kf7 34. Rh3 Kg6 35. Rg3+ Kf7 1/2-1/2

[Event "44th Chess Olympiad Open 2022"]
[Site "Chennai"]
[Date "2022.08.02"]
[Round "5.21"]
[White "Ragger, Markus"]
[Black "Ferreira, Jorge Viterbo"]
[Result "1/2-1/2"]
[WhiteElo "2647"]
[BlackElo "2499"]
[Annotator "TA"]
[PlyCount "60"]
[EventDate "2022.??.??"]
[TimeControl "60"]

1. e4 e5 2. Nf3 Nf6 3. Nxe5 d6 4. Nf3 Nxe4 5. d4 d5 6. Bd3 Bf5 7. O-O Be7 8. Re1 O-O 9. Nbd2 {[%emt 0:00:06][%cal Rd2e4,Yb1d2,Yd2f1,Yf1e3] The
modern move. C42: Petroff Defence: 3 Nxe5 and unusual White 3rd moves.} Nd6 $1 10. Nf1 Bxd3 11. Qxd3 {
[%emt 0:00:03] The position is equal.} c6 12. Bf4 Na6 13. h4 Nc7 14. Ng5 {[%emt 0:02:22][%csl Gg5][%cal Rd3h7] [#]} g6 15. Ne3 h6 16. Nf3 {[%emt 0:00:00]
Black must now prevent h5.} h5 $1 {[%emt 0:00:22] [#]} 17. Rac1 $146 ({Predecessor:} 17. b3 Ne4 18. Bxc7 Qxc7 19. c4 Qf4 20. cxd5 Bxh4 21.
Re2 Bf6 22. dxc6 bxc6 23. Nc4 Ng5 24. Nxg5 Qxg5 25. Ne5 Bxe5 26. dxe5 Rfe8 27.
e6 Qd5 28. exf7+ Kxf7 {½-½ (28) Szulc,S (2109)-Korn,C (2147) ICCF email 2020}
) 17... Bf6 18. Be5 Ne6 19.
g3 Re8 20. b3 Bg7 21. c4 dxc4 22. bxc4 ({Much worse is} 22. Nxc4 Nf5 $15) 22... Bxe5 23. dxe5 Nf5 24. Qxd8 Raxd8 25. Nxf5 gxf5 26. Rcd1 {[%emt 0:07:
41] Against Rd3} Kg7 27. Kg2 f6 28. Kf1 fxe5 29. Nxe5 Nc5 {[%emt 0:02:33] [#] And now ...Rxd1 would win.} 30. Nf3 Rxe1+ {[%emt 0:04:15] An even fight not without its subleties. Weighted Error
Value: White=0.07 (flawless) /Black=0.03 (flawless)} 1/2-1/2

[Event "44th Chess Olympiad Open 2022"]
[Site "Chennai"]
[Date "2022.08.02"]
[Round "5.21"]
[White "Blohberger, Felix"]
[Black "Sousa, Andre Ventura"]
[Result "1/2-1/2"]
[WhiteElo "2492"]
[BlackElo "2420"]
[Annotator "RC"]
[PlyCount "74"]
[EventDate "2022.??.??"]
[TimeControl "60"]

1. e4 c6 2. Nf3 d5 3. Nc3 Bg4 4. h3 Bxf3 5. Qxf3 e6 6. Be2 Bc5 7. O-O Nd7 8. exd5 exd5 9. Re1 Ne7 10. Bf1 O-O 11. Ne2 d4 12. Ng3 Ng6 13. d3 Qb6 14. Qf5 Nf6 15. Ne4 Nd5 16. Bd2 Be7 17. Rab1 Rae8 18. g3 Bb4 19. c3 Re5 20. Qf3 f5 21. Ng5 Rxe1 22. Rxe1 dxc3 23. bxc3 Bxc3 24. Bxc3 Nxc3 25. Qh5 h6 26.
Qxg6 hxg5 27. Re7 Qd4 28. Rxb7 f4 29. gxf4 Nd1 30. Qe6+ Kh8 31. Qe2 Qxf4 32. Qxd1 Qxf2+ 33. Kh1 Qxf1+ 34. Qxf1 Rxf1+ 35. Kg2 Rd1 36. Rxa7 Rxd3 37. Rc7 Rd2+ 1/2-1/2

[Event "44th Chess Olympiad Open 2022"]
[Site "Chennai"]
[Date "2022.08.02"]
[Round "5.21"]
[White "Galego, Luis"]
[Black "Dragnev, Valentin"]
[Result "0-1"]
[WhiteElo "2462"]
[BlackElo "2557"]
[Annotator "RC"]
[PlyCount "88"]
[EventDate "2022.??.??"]
[TimeControl "60"]

1. e4 e5 2. Nf3 Nf6 3. Nxe5 d6 4. Nf3 Nxe4 5. Nc3 Nxc3 6.
dxc3 Be7 7. Bf4 O-O 8. Qd2 Nd7 9. O-O-O Nc5 10. h4 Bg4 11.
h5 Bf6 12. h6 g6 13. Re1 Re8 14. Bc4 Bxf3 15. gxf3 Qd7 16. Be3 Qf5 17. f4 Kf8 18. Qd1 Re7 19. Be2 Ne4 20. Bg4 Qa5 21. Bd4 Qxa2 22. Rxe4 Rxe4 23. Bxf6 Rxf4 24. Bg7+ Kg8 25. f3 Re8 26. b3 Qa1+ 27. Kd2 Qxd1+ 28. Kxd1 c6 29. Rf1 f6 30. Kd2 Kf7 31. Rf2 a5 32. Bh3 Re5 33. Bc8 Re7 34. Bh3 b5 35. Bf1 a4 36. bxa4 bxa4 37. Bd3 a3 38. Rf1 a2 39. Ra1 Ra7 40. Ke3 Rfa4 41. Kd2 d5 42. Kc1 Ra8 43. c4 dxc4 44. Be4 c3 0-1

[Event "44th Chess Olympiad Open 2022"]
[Site "Chennai"]
[Date "2022.08.02"]
[Round "5.21"]
[White "Veiga, Jose Francisco R P "]
[Black "Horvath, Dominik"]
[Result "1/2-1/2"]
[WhiteElo "2378"]
[BlackElo "2488"]
[Annotator "RC"]
[PlyCount "118"]
[EventDate "2022.??.??"]
[TimeControl "60"]

1. e4 e5 2. Bc4 Nf6 3. d3 Nc6 4. Nf3 Bc5 5. c3 O-O 6. O-O d5 7. exd5 Nxd5 8. Re1 Bg4 9. h3 Bh5 10. Nbd2 Nb6 11. Bb3 Qxd3 12. Nxe5 Qf5 13. Nef3 Rad8 14. Bc2 Qc8 15. Bxh7+ Kxh7 16.
Ng5+ Kg6 17. Qc2+ Qf5 18. Qxf5+ Kxf5 19. Nde4 Bd6 20. f4 Bxf4 21. Rf1 Nd5 22. c4 Kg6 23. cxd5 Bxc1 24. Raxc1 Nd4 25. Rxc7 f5 26. Ne6 Nxe6 27. dxe6 fxe4 28. Rxf8 Rxf8 29. e7 Re8 30. g4 Kf6 31. gxh5 Rxe7 32. Rc5 b6 33. Rd5 Re5 34. Rd6+ Re6 35. Rd5 Re5 36. Rd6+ Re6 37. Rd5 Rc6 38. Rd7 a5 39. b3 Rc2 40. a4 Rc3 41. Rd6+ Ke5 42. Rxb6 Kf4 43. h6 gxh6 44. Rxh6 Rxb3 45. Rh5 Ke3 46. Rd5 Rd3 47. Rxa5 Kd2 48. Re5 e3 49. h4 Rd4 50. h5 e2 51. Kf2 Rf4+ 52. Kg3 Rf5 53. Rxe2+ Kxe2 54. Kg4 Ra5 55. h6 Ke3 56. h7 Rxa4+ 57. Kf5 Ra8 58. Kg6 Kf4 59. Kg7 Ke5 1/2-1/2

[Event "44th Chess Olympiad Open 2022"]
[Site "Chennai"]
[Date "2022.08.02"]
[Round "5.22"]
[White "Laurusas, Tomas"]
[Black "Keinanen, Toivo"]
[Result "1/2-1/2"]
[WhiteElo "2561"]
[BlackElo "2477"]
[Annotator "TA"]
[PlyCount "106"]
[EventDate "2022.??.??"]
[TimeControl "60"]

1. d4 d5 2. c4 e6 3. Nc3 Be7 4. Nf3 Nf6 5. Bg5 h6 6. Bh4 dxc4 7. e3 {[%emt 0:01:19] D53:
Queen's Gambit Declined: 4 Bg5 Be7: Early deviations.} c5 8.
Bxc4 cxd4 9. Nxd4 Bd7 10. O-O Nc6 11. Nf3 O-O 12. Rc1 Rc8 {[%emt 0:13:04] [#]}
13. Be2 $146 ({Predecessor:} 13. a3 Qb6 14. Na4 Qc7 15. b4 a6
16. Bd3 e5 17. Nc5 Rfd8 18. Qb3 Bg4 19. Bxf6 Bxf6 {0-1 (41) Ding,L (2801)-So,W
(2760) Kolkata 2019}) 13... Nh5 14. Bxe7 Qxe7 15. Ne4 Rfd8 16. Qd6 {
[%emt 0:01:29][%cal Yc1c6] [#] aiming for Rxc6!} Be8 17. Qxe7 Nxe7 18. Rxc8 Nxc8 19. Rc1 Bc6 20. Nc3 Nf6 21. Ne5 Ne7 22. Nxc6 Nxc6 23. Kf1 Kf8 24. Bf3 Ne5 25.
Be2 Rc8 26. Rd1 Ke7 27. Rd4 Ne8 28. Re4 Rc5 29. f4 Nc6 30.
Rc4 Rxc4 31. Bxc4 $11 {[%emt 0:00:00]
Endgame KBN-KNN} Nd6 32. Be2 e5 33. Kf2 Ke6 34. Bf3 f5 35. Bd5+ Kf6 36. Ke2 g5 37. g3 Na5 38. Kd3 Nc6 39. a3 {[%emt 0:00:00] The
position is equal.} e4+ 40. Kc2 Na5 41. Nd1 Nc6 42. Kc3 Ne7 43. Kd4 gxf4 44. gxf4 b6 45. Nc3 Ne8 $1 46. b4 Nc7 47. a4 Ng6 48. h3 Nh4 49. a5 Nf3+ 50. Kc4 Nd2+ 51. Kd4 Nf3+ 52. Kc4 Nd2+ 53. Kd4 Nf3+ {[%emt 0:
00:03] An interesting draw. Weighted Error Value: White=0.03 (flawless) /
Black=0.03 (flawless)} 1/2-1/2